 Dungeon Crawl Stone Soup version 0.26.1-11-gd32895ea62 (webtiles) character file.

Game seed: 10382079313965874072

299603 dtburroughs the Severer (level 20, -2/280 HPs)
             Began as a Minotaur Berserker on June 25, 2021.
             Was a High Priest of Trog.
             Slain by a tengu reaver
             ... wielding a +1 vorpal great sword
              (13 damage)
             ... on level 2 of the Vaults on June 26, 2021.
             The game lasted 03:09:07 (60243 turns).

dtburroughs the Severer (Minotaur Berserker)       Turns: 60243, Time: 03:09:07

Health: -2/280     AC: 30    Str: 24    XL:     20   Next: 15%
Magic:  0/19       EV:  2    Int:  7    God:    Trog [*****.]
Gold:   4017       SH:  5    Dex: 11    Spells: 19/19 levels left

rFire    + . .     SeeInvis +   K - +8 battleaxe of Resourcefulness {flame, *Contam rPois rC+ rN+ Int+4}
rCold    + . .     Faith    .   (shield currently unavailable)
rNeg     + + +     Spirit   .   (armour currently unavailable)
rPois    +         Reflect  +   (helmet currently unavailable)
rElec    .         Harm     .   (cloak currently unavailable)
rCorr    +         Rampage  .   (gloves currently unavailable)
Will     +++..     NoTele   +   (boots currently unavailable)
Stlth    ++........             S - amulet of reflection
HPRegen  1.56/turn              c - ring "Voguoff" {SInv Stlth+}
MPRegen  0.16/turn              F - ring "Xizxacel" {rPois rF+ rCorr Int-5 Slay+2}

@: tree-form, regenerating
A: (retaliatory headbutt), clumsy 1
}: 2/15 runes: decaying, gossamer
a: Renounce Religion, Berserk, Trog's Hand, Brothers in Arms


You were on level 2 of the Vaults.
You worshipped Trog.
Trog was extremely pleased with you.
You were a tree.
You visited 6 branches of the dungeon, and saw 33 of its levels.

You collected 4017 gold pieces.

Inventory:

Hand Weapons
 y - a +8 vorpal battleaxe
 H - a +2 broad axe of flaming
 I - a +2 vorpal broad axe
 J - a +4 broad axe of venom
 K - the +8 battleaxe of Resourcefulness (weapon) {flame, *Contam rPois rC+ rN+ Int+4}
   (Trog gifted it to you on level 2 of the Vaults)

   It has been specially enchanted to burn those struck by it, causing extra
   injury to most foes and up to half again as much damage against particularly
   susceptible opponents.
   Big, fiery blades are also staple armaments of hydra-hunters.
   It affects your intelligence (+4).
   It protects you from cold.
   It protects you from poison.
   It protects you from negative energy.
   It causes magical contamination when unequipped.
 U - a +7 antimagic broad axe
Missiles
 s - 51 arrows
Armour
 e - a +2 pair of gloves (melded)
 p - the +4 scale mail of the Worm (melded) {Rampage *Slow Will++ Int+3}
   (You found it on level 5 of the Dungeon)

   It affects your intelligence (+3).
   It affects your willpower, your defense against some magical effects.
   It may slow you when you take damage.
   It bestows one free step when moving towards enemies.
 u - a +0 kite shield
 C - a +2 hat (melded)
 O - a +2 pair of boots of flying (melded)
 W - a +2 cloak of poison resistance (melded)
Jewellery
 c - the ring "Voguoff" (left branch) {SInv Stlth+}
   (You acquired it on level 1 of the Lair of Beasts)

   [ring of stealth]

   It lets you see invisible.
   It makes you more stealthy.
 h - a +4 ring of evasion
 r - a +6 ring of intelligence
 F - the ring "Xizxacel" (right branch) {rPois rF+ rCorr Int-5 Slay+2}
   (You took it off a tengu reaver on level 12 of the Dungeon)

   [ring of resist corrosion]

   It affects your intelligence (-5).
   It affects your accuracy and damage with ranged weapons and melee attacks
   (+2).
   It protects you from fire.
   It protects you from poison.
   It provides partial protection from all sources of acid and corrosion.
 M - an uncursed ring of positive energy
 S - an amulet of reflection (around neck)
 V - the ring of Zuot {+Inv rF+ rC- Will+ Int+5}
   (You took it off an ironbrand convoker on level 2 of the Vaults)

   [ring of willpower]

   It affects your intelligence (+5).
   It protects you from fire.
   It makes you vulnerable to cold.
   It affects your willpower, your defense against some magical effects.
   It lets you turn invisible.
Wands
 b - a wand of paralysis (1)
 o - a wand of acid (10)
 q - a wand of flame (115)
 A - a wand of enslavement (18)
 D - a wand of random effects (20)
Scrolls
 a - 4 scrolls of magic mapping
 d - 2 scrolls of summoning
 g - 13 scrolls of remove curse
 k - 9 scrolls of teleportation
 m - 4 scrolls of identify
 t - 7 scrolls of fog
 x - 4 scrolls of immolation
 E - 3 scrolls of silence
 P - 7 scrolls of fear
Potions
 f - 3 potions of invisibility
 j - 3 potions of berserk rage
 l - 5 potions of flight
 w - a potion of curing
 z - a potion of cancellation
 B - 2 potions of mutation
 G - a potion of ambrosia
 L - a potion of resistance
 Q - 3 potions of might
 R - 6 potions of lignification
 T - 4 potions of haste
Miscellaneous
 i - a phial of floods
 n - a tin of tremorstones (2/2)
 N - a phantom mirror
 X - a box of beasts


   Skills:
 + Level 17.9 Fighting
 + Level 17.9 Axes
 + Level 17.7 Armour
 + Level 16.5 Dodging
 + Level 17.3 Shields
 + Level 13.8 Evocations


You had 19 spell levels left.
You didn't know any spells.
Your spell library was empty.

Dungeon Overview and Level Annotations

Branches:
Dungeon (15/15)            Temple (0/1) D:6            Lair (6/6) D:10
  Swamp (4/4) Lair:2       Spider (4/4) Lair:4        Slime (0/5) Lair:5
    Orc (2/2) D:10            Elf (0/3) Orc:2        Vaults (2/5) D:13
 Depths (0/5) D:15
  Crypt: Vaults:2-3

Altars:
Elyvilon
Gozag
Trog
Xom
The Shining One
Beogh
Jiyva

Shops:
D:12 (   Orc:2 [((:

Annotations:
D:12 3 runed translucent doors, bnorton916's ghost, journeyman FoFi
Swamp:2 Roxanne
Spider:3 2 transporters, exclusion: orange crystal statue


Innate Abilities, Weirdness & Mutations

((You reflexively headbutt those who attack you in melee.))
((You have a pair of horns on your head.))
You are clumsy. (Dex -2)


Message History

The lorocyproca barely misses you.
The vault warden hits you with a +3 scimitar of distortion!
* * * LOW HITPOINT WARNING * * *
You blink.
A fire giant comes into view.
It is wielding a +1 great sword of flaming.
The fire giant hits you but does no damage.
An ironheart preserver comes into view. It is wielding a +0 vorpal dire flail.
Really quaff the potion of lignification?
You turn into a tree.
Your +2 cloak of poison resistance melds into your body.
Your +2 hat melds into your body.
Your +2 pair of gloves melds into your body.
Your +2 pair of boots of flying melds into your body.
The +4 scale mail of the Worm {Rampage *Slow Will++ Int+3} melds into your body.
Your roots penetrate the ground.
You feel strangely stable.
The vault warden activates a sealing rune.
The vault warden hits you but does no damage.
A yaktaur captain comes into view.
It is wielding a +2 war axe of holy wrath.
The tengu reaver hits you with a +1 vorpal great sword!
You die...

#............................#
#''########################''#
#............................#
#............................#
####'####################'####
#....#......'..)[(......#....#
#....#......#...)#††....#....#
#'####+################'####'#
#........)(§p2p♣.............#
#...........§(pCQ............#
##############QL##############
C*C...


Cc....... .......... p.......... ............ ....... You could see an ironheart
preserver, a frost giant, 2 fire giants, a stone giant, 3 vault wardens, 2 tengu
reavers, a lich (invisible), a yaktaur captain, a lorocyproca (summoned,
invisible) and a battlesphere.

Vanquished Creatures
  Mara (Swamp:3)
  Nikola (Swamp:2)
  A tentacled monstrosity (Vaults:2)
  Rupert (D:12)
  Kirke (Swamp:3)
  A tengu reaver (D:12)
  A deep elf sorcerer (Vaults:2)
  2 vault wardens (Vaults:1)
  3 orc warlords
  5 emperor scorpions
  5 ghost moths
  2 ghouls (Swamp:2)
  6 ironheart preservers
  3 stone giants (Vaults:2)
  Nessos (D:13)
  9 bunyips
  A spark wasp (Spider:4)
  3 entropy weavers
  2 fire dragons
  Snorg (Orc:1)
  2 eleionomae (Swamp:3)
  A deep elf death mage (Vaults:2)
  An ettin (Vaults:2)
  3 yaktaur captains
  2 great orbs of eyes (Vaults:2)
  2 rakshasas (Vaults:2)
  Harold (D:11)
  6 vault guards (Vaults:2)
  A merfolk avatar (Lair:6)
  2 ice dragons
  4 ghost crabs
  8 boulder beetles
  16 hydras
  5 alligators
  Erica (Orc:1)
  6 ogre magi
  8 centaur warriors
  3 deep troll shamans
  2 death knights (Vaults:1)
  2 death yaks (Lair:6)
  The ghost of oc3rt the Covert, a journeyman KoHu of Hepliaklqana (Lair:2)
  17 two-headed ogres
  A shock serpent (shapeshifter) (Vaults:2)
  2 tengu warriors
  A deep troll earth mage (Vaults:1)
  2 deep elf knights (Vaults:2)
  Sonja (Lair:5)
  3 goliath frogs
  5 unseen horrors
  5 skeletal warriors
  A sea snake (Lair:6)
  4 flayed ghosts
  5 spriggan druids
  4 deep trolls
  15 swamp dragons
  2 lindwurms (Swamp:4)
  A deep elf archer (Vaults:2)
  2 ironbrand convokers
  4 bog bodies
  7 orc knights
  3 wizards
  A harpy (Lair:5)
  A phantasmal warrior (Vaults:2)
  22 orb spiders
  A necromancer (Vaults:2)
  14 ugly things
  9 orc sorcerers
  18 deep elf magi
  7 oklob plants
  3 manticores
  A moth of wrath (Spider:3)
  37 wolf spiders
  A manticore (shapeshifter) (Vaults:1)
  Maurice (D:10)
  3 will-o-the-wisps
  6 elephants (Lair:6)
  10 cyclopes
  A black mamba (Lair:2)
  A centaur zombie (D:12)
  5 vault sentinels
  3 torpor snails
  Maggie (D:8)
  20 cane toads
  Joseph (D:8)
  8 rime drakes
  6 freezing wraiths
  4 centaur skeletons (D:13)
  8 komodo dragons
  6 kobold demonologists
  2 efreet
  15 yaktaurs
  A tengu conjurer (D:13)
  24 demonic crawlers
  10 trolls
  A jumping spider (shapeshifter) (Vaults:2)
  40 jumping spiders
  6 polar bears
  A tengu simulacrum (Vaults:2)
  4 tyrant leeches
  21 hornets
  19 slime creatures
  A human simulacrum (Vaults:2)
  28 blink frogs
  24 dream sheep
  2 centaur simulacra
  8 spriggans
  54 yaks
  A shadow (D:12)
  2 vampires
  6 wraiths
  2 water elementals (D:14)
  94 redbacks
  12 wyverns
  39 tarantellas
  A human (shapeshifter) (Vaults:2)
  4 hogs (Swamp:3)
  Grum (D:10)
  6 basilisks
  20 vampire mosquitoes
  4 steam dragons
  14 wargs
  16 swamp worms
  2 soldier ants (D:12)
  26 water moccasins
  2 soldier ants (shapeshifter)
  An acid dragon (Vaults:1)
  2 black bears (shapeshifter)
  37 orc warriors
  3 sky beasts
  4 swamp drakes
  4 phantoms
  4 black bears
  A tengu (shapeshifter) (Vaults:2)
  2 necrophages (Swamp:2)
  A boggart (Lair:2)
  2 ice beasts
  12 wolves
  2 eyes of draining
  22 centaurs
  28 ogres
  7 big kobolds
  A gnoll sergeant (D:10)
  15 bullfrogs
  3 wyvern skeletons
  3 scorpions
  5 troll zombies (Swamp:3)
  3 killer bees (D:12)
  23 wights
  9 howler monkeys
  3 electric eels
  4 bullfrog zombies
  A lava snake (Swamp:4)
  A quasit (D:11)
  3 bullfrog skeletons
  14 jellies
  17 orc priests
  Crazy Yiuf (D:2)
  7 hounds
  54 orc wizards
  Jessica (D:2)
  6 worker ants
  6 iguanas
  A killer bee zombie (D:7)
  A worker ant zombie (D:9)
  9 adders
  10 gnolls
  A howler monkey skeleton (D:5)
  2 shadow imps
  5 white imps
  An ufetubus (D:9)
  19 oozes
  4 adder zombies
  An adder skeleton (D:3)
  6 worms
  5 dart slugs
  11 leopard geckos
  152 orcs
  7 bats
  6 giant cockroaches
  7 goblins
  9 hobgoblins
  9 jackals
  24 kobolds
  7 quokkas
  A frilled lizard (D:2)
  A giant cockroach zombie (D:5)
  A jackal zombie (D:6)
  A quokka skeleton (D:7)
  3 rats
1540 creatures vanquished.

Vanquished Creatures (collateral kills)
  Jorgrun (Swamp:2)
  A deep elf sorcerer (Vaults:2)
  A vault warden (Vaults:1)
  A ghost moth (Spider:4)
  2 spark wasps
  An entropy weaver (Spider:2)
  An eleionoma (Swamp:1)
  A deep elf death mage (Vaults:2)
  2 fire dragons (Swamp:4)
  3 hydras
  A death knight (D:15)
  An alligator (Swamp:3)
  A centaur warrior (Vaults:1)
  2 death yaks (Lair:6)
  An ogre mage (Vaults:1)
  A deep elf knight (Vaults:1)
  A skeletal warrior (Vaults:1)
  A swamp dragon (Swamp:1)
  A goliath frog (Swamp:4)
  2 bog bodies (Swamp:2)
  A lindwurm (Swamp:3)
  An orc knight (Vaults:2)
  A wolf spider (Spider:2)
  An ugly thing (D:15)
  A vault sentinel (Vaults:1)
  A demonic crawler (Spider:2)
  4 hornets
  A slime creature (Vaults:1)
  A tarantella (Spider:2)
  6 yaks (Lair:6)
  2 spriggans
  2 wyverns (Lair:5)
  A swamp worm (Swamp:1)
  An orc warrior (Vaults:2)
  2 swamp drakes (Swamp:4)
52 creatures vanquished.

Vanquished Creatures (others)
  A bunyip (Swamp:1)
  A hydra (Swamp:4)
  A goliath frog (Swamp:2)
  A wizard (D:11)
  An orb spider (Spider:1)
  3 bloated husks
  A hornet (Swamp:4)
  2 tarantellas
  4 spriggans
  A human (Swamp:3)
  2 steam dragons (Swamp:4)
  2 swamp drakes (Swamp:4)
  3 orc wizards
  A bush (D:10)
  9 foxfires
  90 fungi
  108 plants
  42 withered plants (Swamp:2)
273 creatures vanquished.

Grand Total: 1865 creatures vanquished

Notes
Turn   | Place    | Note
-------+----------+-------------------------------------------
     0 | D:1      | dtburroughs the Minotaur Berserker began the quest for the
                  | Orb.
     0 | D:1      | Reached XP level 1. HP: 19/19 MP: 0/0
   156 | D:1      | Reached XP level 2. HP: 27/27 MP: 1/1
   646 | D:1      | Reached XP level 3. HP: 18/33 MP: 2/2
  1962 | D:2      | Reached XP level 4. HP: 39/41 MP: 3/3
  2087 | D:2      | Found a runed translucent door.
  2088 | D:2      | Noticed Crazy Yiuf
  2211 | D:2      | Noticed Jessica
  2226 | D:2      | Killed Jessica
  2226 | D:2      | Reached ** piety under Trog
  2382 | D:2      | Killed Crazy Yiuf
  2419 | D:3      | Noticed an ogre
  2441 | D:3      | HP: 1/41 [ogre/+0 giant club (17)]
  2443 | D:3      | Killed an ogre
  2444 | D:3      | Reached XP level 5. HP: 3/47 MP: 4/4
  2768 | D:3      | Reached skill level 5 in Fighting
  2768 | D:3      | Reached skill level 5 in Axes
  3401 | D:3      | Reached XP level 6. HP: 49/52 MP: 5/5
  4489 | D:4      | Reached *** piety under Trog
  4739 | D:5      | Entered Level 5 of the Dungeon
  4739 | D:5      | Found a shimmering altar of Xom.
  4959 | D:5      | Reached XP level 7. HP: 39/61 MP: 6/6
  4962 | D:5      | Reached skill level 1 in Shields
  5207 | D:5      | Reached skill level 5 in Armour
  5588 | D:5      | Reached skill level 1 in Evocations
  6041 | D:5      | Got a jacinth-encrusted scale mail
  6052 | D:5      | Identified the +4 scale mail of the Worm {Rampage *Slow
                  | Will++ Int+3} (You found it on level 5 of the Dungeon)
  6087 | D:6      | Reached skill level 5 in Dodging
  6319 | D:6      | Reached XP level 8. HP: 59/71 MP: 7/7
  6606 | D:6      | Found a staircase to the Ecumenical Temple.
  6664 | D:6      | Got a translucent ring mail
  6822 | D:6      | Found a glowing golden altar of the Shining One.
  7303 | D:6      | Identified the +5 ring mail of Gorulow {rPois} (You found
                  | it on level 6 of the Dungeon)
  7353 | D:7      | Reached **** piety under Trog
  7449 | D:7      | Reached XP level 9. HP: 47/79 MP: 8/8
  8131 | D:7      | Noticed an eight-headed hydra
  8156 | D:7      | Killed an eight-headed hydra
  8157 | D:7      | Reached skill level 5 in Shields
  8637 | D:7      | Found a bloodstained altar of Trog.
  9027 | D:8      | Noticed Joseph
  9046 | D:8      | Killed Joseph
  9145 | D:8      | Noticed Maggie
  9151 | D:8      | Killed Maggie
  9152 | D:8      | Reached XP level 10. HP: 90/90 MP: 9/9
 10741 | D:9      | Reached skill level 5 in Evocations
 10984 | D:10     | Entered Level 10 of the Dungeon
 11026 | D:10     | Noticed Maurice
 11032 | D:10     | Killed Maurice
 11113 | D:10     | Reached ***** piety under Trog
 11663 | D:10     | Reached XP level 11. HP: 83/97 MP: 10/10
 11771 | D:10     | Found a staircase to the Orcish Mines.
 11832 | D:10     | Found a roughly hewn altar of Beogh.
 11937 | D:10     | Noticed Grum
 11997 | D:10     | Killed Grum
 12008 | D:10     | Found a staircase to the Lair.
 12462 | D:11     | Noticed Harold
 12484 | D:11     | Killed Harold
 12913 | D:11     | Reached skill level 10 in Axes
 12965 | D:11     | Reached skill level 10 in Fighting
 13201 | D:11     | Found a bloodstained altar of Trog.
 13202 | D:11     | Noticed a wizard
 13207 | D:11     | Killed a wizard
 13279 | D:11     | Noticed a two-headed ogre
 13313 | D:11     | Killed a two-headed ogre
 13536 | D:11     | Noticed a boulder beetle
 13577 | D:11     | Killed a boulder beetle
 14022 | D:11     | Found a white marble altar of Elyvilon.
 14101 | Lair:1   | Entered Level 1 of the Lair of Beasts
 14127 | Lair:1   | Noticed an eight-headed hydra
 14220 | Lair:1   | Killed an eight-headed hydra
 14661 | Lair:1   | Reached skill level 10 in Armour
 14795 | Lair:1   | Noticed a five-headed hydra
 14812 | Lair:1   | Killed a five-headed hydra
 15091 | Lair:1   | Reached XP level 12. HP: 107/107 MP: 11/11
 16148 | Lair:2   | Noticed a boulder beetle
 16161 | Lair:2   | Killed a boulder beetle
 16496 | Lair:2   | Found a staircase to the Swamp.
 17332 | Lair:2   | Found a runed translucent door.
 17333 | Lair:2   | Identified the +6 trident "Hydraslayer" {vamp, rElec rC-
                  | rN++}
 17334 | Lair:2   | Noticed oc3rt's ghost (journeyman KoHu)
 17436 | Lair:2   | Reached skill level 10 in Dodging
 17586 | Lair:2   | Received a gift from Trog
 17888 | Lair:2   | Killed oc3rt's ghost
 17897 | Lair:2   | Reached skill level 10 in Shields
 18420 | Lair:3   | Noticed a five-headed hydra
 18434 | Lair:3   | Killed a six-headed hydra
 18878 | Lair:3   | Reached XP level 13. HP: 94/116 MP: 4/12
 19799 | Lair:4   | Found a hole to the Spider Nest.
 20320 | Lair:4   | Reached ****** piety under Trog
 21069 | Lair:4   | Received a gift from Trog
 21114 | Lair:4   | Identified a scroll of acquirement
 22133 | Lair:5   | Noticed Sonja
 22141 | Lair:5   | Killed Sonja
 22237 | Lair:5   | Found a viscous altar of Jiyva.
 22237 | Lair:5   | Found a staircase to the Slime Pits.
 22394 | Lair:5   | Reached XP level 14. HP: 110/127 MP: 13/13
 22494 | Lair:6   | Entered Level 6 of the Lair of Beasts
 22910 | Lair:6   | Received a gift from Trog
 22917 | Lair:6   | Got a warped lajatang {god gift}
 22923 | Lair:6   | Identified the +5 lajatang "Cuuri" {vorpal, rElec rPois
                  | rN++ Dex+2} (Trog gifted it to you on level 6 of the Lair
                  | of Beasts)
 23538 | Lair:6   | Found the +8 whip "Snakebite" {curare, rPois}
 25129 | Lair:6   | Got a transparent bronze amulet
 25762 | Lair:1   | Identified the amulet "Uweo" {Spirit *Corrode rC++ Str+3}
                  | (You found it on level 6 of the Lair of Beasts)
 25967 | D:12     | Noticed Rupert
 25979 | D:12     | Paralysed by Rupert for 4 turns
 25987 | D:12     | Killed Rupert
 26374 | D:12     | Found Rerof's Antique Weapon Shop.
 26378 | D:12     | Received a gift from Trog
 26615 | D:12     | Found a runed translucent gate.
 26615 | D:12     | Found a runed translucent gate.
 26615 | D:12     | Found a runed translucent gate.
 26891 | D:12     | Reached XP level 15. HP: 130/134 MP: 14/14
 26896 | D:12     | Reached skill level 10 in Evocations
 27007 | D:12     | Noticed an orc warlord
 27009 | D:12     | Identified the ring "Xizxacel" {rPois rF+ rCorr Int-5
                  | Slay+2}
 27009 | D:12     | Noticed a tengu reaver
 27014 | D:12     | Killed an orc warlord
 27024 | D:12     | Killed a tengu reaver
 27177 | D:12     | Found a viscous altar of Jiyva.
 27177 | D:12     | Noticed bnorton916's ghost (journeyman FoFi)
 27908 | D:13     | Noticed Nessos
 27915 | D:13     | Killed Nessos
 27978 | D:13     | Received a gift from Trog
 28195 | D:13     | Found a gate to the Vaults.
 29257 | D:14     | Received a gift from Trog
 29263 | D:14     | Got a transparent double sword {god gift}
 29264 | D:14     | Identified the +2 double sword of Trog's Wrath {vorpal,
                  | *Contam rN++ Will+++ Str-3} (Trog gifted it to you on level
                  | 14 of the Dungeon)
 29267 | D:14     | Gained mutation: You are clumsy. (Dex -2) [mutagenic glow]
 30669 | Lair:1   | Acquired the ring "Voguoff" {SInv Stlth+}
 30781 | D:15     | Entered Level 15 of the Dungeon
 31303 | D:15     | Identified the +6 flail of the Lurker {pain, rN+}
 31440 | D:15     | Reached XP level 16. HP: 137/147 MP: 5/15
 31570 | D:15     | Got a crude mace
 31762 | D:15     | Found a staircase to the Depths.
 32070 | D:15     | Found an opulent altar of Gozag.
 32247 | Orc:1    | Entered Level 1 of the Orcish Mines
 32256 | Orc:1    | Noticed Erica
 32280 | Orc:1    | Killed Erica
 32544 | Orc:2    | Entered Level 2 of the Orcish Mines
 32554 | Orc:2    | Received a gift from Trog
 32611 | Orc:2    | Found a staircase to the Elven Halls.
 33231 | Orc:2    | Received a gift from Trog
 33556 | Orc:2    | Found Zacvos's Book Shop.
 33592 | Orc:2    | Found Ocva's Weapon Emporium.
 33680 | Orc:2    | Found Isyzyurr's Antique Armour Emporium.
 33680 | Orc:2    | Found Costy's Antique Weapon Shop.
 33756 | Orc:2    | Received a gift from Trog
 33902 | Orc:1    | Noticed Snorg
 33915 | Orc:1    | Killed Snorg
 33916 | Orc:1    | Reached skill level 15 in Axes
 34144 | Orc:2    | Found a roughly hewn altar of Beogh.
 34278 | Orc:2    | Found a roughly hewn altar of Beogh.
 34794 | Swamp:1  | Entered Level 1 of the Swamp
 35243 | Swamp:1  | Reached skill level 15 in Fighting
 36372 | Swamp:2  | Noticed Jorgrun
 36828 | Swamp:2  | HP: 1/149 [bog body/bolt of cold (8)]
 36829 | Swamp:2  | Killed Jorgrun
 36830 | Swamp:2  | Reached skill level 15 in Armour
 36830 | Swamp:2  | Received a gift from Trog
 37243 | Swamp:2  | Got a brightly glowing scale mail
 37421 | Swamp:2  | Noticed Nikola
 37444 | Swamp:2  | Killed Nikola
 38298 | Swamp:2  | Reached XP level 17. HP: 107/156 MP: 5/16
 38650 | Swamp:2  | Noticed Roxanne
 38961 | Swamp:2  | Identified the +10 scale mail of Sandy Contentment {rC+}
                  | (You found it on level 2 of the Swamp)
 38972 | Swamp:2  | Identified the +9 mace "Gotibb" {protect, *Slow Will+++
                  | MP+9 Int+2} (You found it on level 15 of the Dungeon)
 39161 | Swamp:3  | Noticed Kirke
 39944 | Swamp:3  | Killed Kirke
 40816 | Swamp:4  | Entered Level 4 of the Swamp
 40927 | Swamp:4  | Noticed Mara
 40933 | Swamp:4  | Noticed dtburroughs's illusion
 41620 | Swamp:3  | Noticed dtburroughs's illusion
 41887 | Swamp:4  | Reached skill level 15 in Shields
 41912 | Swamp:4  | HP: 5/157 [spriggan rider/+0 spear (14)]
 42718 | Swamp:3  | Killed Mara
 43175 | Swamp:4  | Got a decaying rune of Zot
 44124 | Spider:1 | Entered Level 1 of the Spider Nest
 44827 | Spider:1 | Received a gift from Trog
 46052 | Spider:1 | Reached XP level 18. HP: 121/166 MP: 17/17
 47626 | Spider:2 | Reached skill level 15 in Dodging
 47980 | Spider:1 | HP: 1/250 [spark wasp (12)]
 49565 | Spider:2 | You fall into a shaft and drop 1 floor!
 49660 | Spider:3 | Found a transporter.
 49666 | Spider:3 | Found a transporter.
 49735 | Spider:2 | HP: 8/168 [entropy weaver (10)]
 51811 | Spider:3 | Received a gift from Trog
 53074 | Spider:4 | Entered Level 4 of the Spider Nest
 54949 | Spider:4 | Reached XP level 19. HP: 94/177 MP: 0/18
 55236 | Spider:4 | Got a gossamer rune of Zot
 55600 | Vaults:1 | Entered Level 1 of the Vaults
 55983 | Vaults:1 | Received a gift from Trog
 58050 | Vaults:2 | Received a gift from Trog
 58075 | Vaults:2 | Got a transparent battleaxe {god gift}
 58076 | Vaults:2 | Identified the +8 battleaxe of Resourcefulness {flame,
                  | *Contam rPois rC+ rN+ Int+4} (Trog gifted it to you on
                  | level 2 of the Vaults)
 59226 | Vaults:2 | Received a gift from Trog
 59391 | Vaults:2 | Identified the ring of Zuot {+Inv rF+ rC- Will+ Int+5}
 59416 | Vaults:2 | Reached XP level 20. HP: 56/187 MP: 19/19
 60027 | Vaults:2 | Identified Imavos's Reference Book on the Cloudy Arsonist
 60232 | Vaults:2 | Identified the +1 scale mail of Ennui {rF+++ rC+ Str+4
                  | Int-2}
 60242 | Vaults:2 | HP: 6/187 [vault warden/+3 scimitar of distortion (16)]
 60243 | Vaults:2 | Slain by a tengu reaver

Illustrated notes

Levels and vault maps discovered:
D:1:      kennysheep_arrival_seaside, layout_loops_corners
D:2:      cheibrodos_old_hovel, layout_basic, uniq_jessica,
          uniq_crazy_yiuf_cottage
D:3:      kennysheep_six_static_rooms, layout_loops_corners
D:4:      layout_basic
D:5:      layout_loops_corners, basic_altar
D:6:      layout_loops_cross, general_overflow_altar, minmay_temple_entry_glass,
          serial_aquarium, aquarium_bridge_island_small
          [aquarium_subvault_small_open, aquarium_subvault_bridge,
          aquarium_subvault_wall, aquarium_subvault_wall,
          aquarium_subvault_window], aquarium_window_fake,
          aquarium_window_corridor_3, aquarium_window_2, aquarium_view_2e,
          aquarium_view_2c, aquarium_balcony_double_3, aquarium_pool_2,
          minmay_misc_feat_tiny
D:7:      layout_rooms, serial_corexii_hall, corexii_hall_statues_u,
          corexii_hall_statues_x, chequers_hall_statues_wall_a,
          chequers_hall_statues_y, trog_three_pillars_becter
D:8:      layout_basic, uniq_maggie, uniq_joseph
D:9:      layout_roguey, kennysheep_generic_room_11
D:10:     layout_rooms, minmay_lair_entry_grove, david_orc_3, special_room
          [special_room_orc], uniq_maurice, uniq_grum
D:11:     layout_roguey, basic_altar, trog_wizard, uniq_harold
D:12:     layout_gridville, gammafunk_ghost_ooze, serial_shops,
          nicolae_shop_window_shopping, minmay_the_grid_2x2
          [minmay_the_grid_spikes, minmay_the_grid_doors,
          minmay_the_grid_tiny_cups, minmay_the_grid_prize_diamond_cup],
          uniq_rupert
D:13:     layout_roguey, hangedman_vaults_entry_quadrant_bands, uniq_nessos
D:14:     layout_roguey, chequers_big_river, enter_bailey_3
D:15:     grunt_enter_depths_snipers, layout_rooms, serial_park_tiny_pond,
          nicolae_gozag_seed_capital
Lair:1:   layout_chaotic_city, st_stairs_12, minivault_26, beast_lair_carwin_7,
          serial_bayou_shore_b
Lair:2:   layout_roguey, minmay_swamp_entry_worms, ebering_ghost_funeral_grove,
          minmay_lair_oklob_chamber
Lair:3:   layout_loops_ring, grunt_megastairs_5
Lair:4:   layout_regular_city, nicolae_spider_entry_non_spiders,
          forest_entry_grove, serial_bayou_shore_b
Lair:5:   lemuel_slime, layout_hall_layers, dpeg_slime_entry_enclosed_altar,
          beast_lair_carwin_2, uniq_sonja
Lair:6:   gammafunk_lair_ancient_temple, layout_regular_city,
          gauntlet_entry_generic
Swamp:1:  layout_basic_swamp, evilmike_swamp_ruin_house_2
Swamp:2:  layout_basic_swamp, evilmike_swamp_ruin_house_1, swamp_pool3,
          st_shrine_of_shade, uniq_roxanne, uniq_nikola, uniq_jorgrun
Swamp:3:  layout_basic_swamp, evilmike_swamp_ruin_house_5, swamp_pool1,
          cheibrodos_swamp_minitomb, infiniplex_staircase_pool, uniq_kirke
Swamp:4:  swamp_fiery, layout_basic_swamp, uniq_mara
Spider:1: layout_spider_delve
Spider:2: spider_temple_joshua, nicolae_orb_stairs
Spider:3: gammafunk_sealed_arena
Spider:4: spider_rune_water, guppyfry_spider_mini_1
Orc:1:    layout_caves, uniq_erica, uniq_snorg
Orc:2:    st_orc_town, layout_caves, basic_altar, elves_outpost_lemuel
Vaults:1: vaults_room_grunt_arrival_ludios, hangedman_vaults_unwind, v_misc_33,
          v_misc_23, vaults_room_stairs_pillars, vaults_room_large_hall,
          vaults_room_boxed, hangedman_vaults_snaps, grunt_vaults_diagonal,
          v_misc_32, v_misc_25, nicolae_vaults_ring_of_whatevers,
          ontoclasm_vaults_idyll, layout_vaults_omnibox
Vaults:2: vaults_standard_mumra_enter_the_diamond, dpeg_vaults_monster_box,
          st_greater_box_4, nicolae_vaults_three_branches,
          vaults_standard_mumra_lines, v_rooms_5, vaults_dpeg_spiral,
          nicolae_vaults_little_squares_5, vaults_dpeg_hooks, v_pattern_2,
          layout_vaults_maze_snakey, uniq_margery

Skill      XL: |  1  2  3  4  5  6  7  8  9 10 11 12 13 14 15 16 17 18 19 |
---------------+----------------------------------------------------------+-----
Fighting       | 4 5 6 7 8 9 10 11 12 13 14 15 16 17 | 17.9
Axes           | 4 5 6 7 8 9 10 11 12 13 14 15 16 17 | 17.9
Armour         | 3 4 5 6 7 8 10 11 12 13 14 15 16 17 | 17.7
Dodging        | 3 4 5 6 7 8 9 10 11 12 13 14 15 16 | 16.5
Shields        | 2 4 5 7 9 10 11 12 13 14 15 16 17 | 17.3
Evocations     | 1 3 4 5 6 7 9 10 11 12 13 | 13.8

Action                   |  1- 3 |  4- 6 |  7- 9 | 10-12 | 13-15 | 16-18 | 19-21 || total
-------------------------+-------+-------+-------+-------+-------+-------+-------++-------
Melee: Hand axe          |    73 |    79 |   144 |   693 |       |       |       ||   989
       Headbutt          |    12 |    15 |    47 |   167 |   258 |   304 |   126 ||   929
       War axe           |       |    83 |   138 |       |       |       |       ||   221
       Morningstar       |       |       |    55 |    35 |     9 |       |       ||    99
       Broad axe         |       |       |       |   113 |   816 |   496 |       ||  1425
       Battleaxe         |       |       |       |    76 |   248 |   916 |   500 ||  1740
       Lajatang          |       |       |       |       |    35 |       |       ||    35
       Demon trident     |       |       |       |       |       |    14 |       ||    14
Invok: Berserk           |       |     1 |     1 |     1 |     1 |       |       ||     4
       Trog's Hand       |       |     2 |     5 |     7 |     7 |    16 |     3 ||    40
       Brothers in Arms  |       |       |     1 |     2 |     3 |    12 |     4 ||    22
 Abil: Stop Flying       |       |       |       |       |       |     1 |       ||     1
Evoke: Wand              |       |       |     6 |    23 |    10 |    65 |     8 ||   112
       Phantom mirror    |       |       |       |       |       |     2 |       ||     2
  Use: Scroll            |       |     1 |     1 |    10 |    20 |    16 |     7 ||    55
       Potion            |       |       |       |     1 |     8 |    22 |     2 ||    33
 Stab: Paralysed         |       |       |       |       |    10 |    13 |     6 ||    29
       Distracted        |       |       |       |       |     2 |     3 |       ||     5
       Confused          |       |       |       |       |       |     2 |       ||     2
Armor: Animal skin       |     8 |       |       |       |       |       |       ||     8
       Chain mail        |    21 |    74 |    37 |       |       |   174 |       ||   306
       Scale mail        |       |       |    35 |       |       |   850 |   190 ||  1075
       Ring mail         |       |       |    93 |   284 |   366 |       |       ||   743
       Acid dragon scale |       |       |       |     3 |       |       |       ||     3
       Plate armour      |       |       |       |       |    97 |    67 |       ||   164
       Skin              |       |       |       |       |       |       |     1 ||     1
Dodge: Dodged            |    45 |    59 |   134 |   400 |   715 |  1500 |   291 ||  3144
Block: Kite shield       |       |     8 |   139 |   469 |   538 |   349 |       ||  1503
       Reflection        |       |       |       |       |    39 |    17 |    15 ||    71
       Other             |       |       |       |       |   129 |   409 |    98 ||   636
